Map: 썬더버드 - 래더

Players

GOReynor (Reynor) - Winner!

  • Race: Zerg Zerg
  • League: Master
  • Spawn Location: 5:00

Cure

  • Race: Terran Terran
  • League: Master
  • Spawn Location: 11:00

Event: HomeStory Cup XX

VOD

Have the link to the VOD?

Description

Time

  • Played on: Nov. 23, 2019, 11:55 a.m.
  • Length: 22:50

All games in this series

Show
View Real Time Build Order
Export as new Build Order

GOReynor Zerg - Winner!

Build Orders: Hatch First, Lurkers 

Get SALT Encoding   

  12  0:00  Drone  
  13  0:12  Overlord  
  13  0:17  Drone  
  14  0:30  Drone x2  
  16  0:48  Hatchery  
  15  0:51  Drone  
  15  0:55  Drone  
  17  0:58  Drone  
  18  1:08  Extractor  
  17  1:14  Spawning Pool  
  17  1:16  Drone  
  17  1:20  Drone  
  18  1:27  Drone  
  19  1:38  Drone  
  20  1:49  Overlord  
  20  2:00  Queen x2  
  24  2:01  Zergling x4  
  26  2:10  Drone  
  26  2:11  Drone  
  28  2:21  Drone x2  
  30  2:29  Hatchery  
  29  2:32  Drone  
  30  2:39  Metabolic Boost  
  30  2:41  Drone  
  31  2:47  Queen  
  32  2:51  Overlord  
  32  2:53  Drone  
  32  2:55  Drone  
  32  2:57  Drone  
  35  3:10  Drone x3  
  35  3:12  Overlord  
  38  3:13  Drone  
  38  3:17  Drone x2  
  41  3:23  Queen  
  41  3:25  Overlord  
  43  3:31  Overlord  
  43  3:36  Drone  
  43  3:38  Drone  
  45  3:42  Drone  
  45  3:47  Queen  
  45  3:48  Drone  
  49  3:50  Zergling x2  
  49  3:51  Zergling x2  
  49  3:53  Drone  
  49  3:54  Drone x2  
  54  3:55  Zergling x2  
  54  3:56  Overlord  
  54  3:57  Drone  
  54  4:01  Queen, Drone  
  54  4:02  Drone  
  60  4:05  Drone  
  61  4:12  Zergling x2  
  61  4:13  Overlord  
  61  4:14  Drone  
  63  4:20  Overlord  
  63  4:23  Spore Crawler, Drone x3  
  66  4:24  Drone  
  66  4:25  Drone  
  66  4:30  Queen  
  70  4:32  Drone x2  
  70  4:34  Drone x2  
  70  4:37  Evolution Chamber  
  73  4:39  Evolution Chamber, Zergling x4  
  74  4:46  Spore Crawler, Drone x2  
  74  4:47  Drone  
  74  4:49  Extractor x2  
  74  4:50  Extractor  
  73  4:54  Drone  
  73  4:57  Zergling x4  
  73  4:58  Zergling x2  
  79  5:00  Queen  
  79  5:01  Drone x3  
  79  5:03  Zerg Ground Armor Level 1  
  84  5:07  Zerg Melee Weapons Level 1  
  84  5:08  Hatchery, Overlord  
  84  5:09  Zergling x4  
  84  5:11  Drone  
  86  5:15  Drone x4  
  86  5:18  Zergling x2  
  86  5:19  Extractor  
  86  5:20  Zergling x2  
  91  5:21  Zergling x2  
  92  5:29  Overlord  
  92  5:33  Zergling x2  
  92  5:34  Drone x3  
  96  5:38  Lair  
  96  5:41  Overlord  
  96  5:42  Drone x2  
  96  5:43  Drone x2  
  96  5:47  Overlord  
  96  5:48  Extractor, Overlord  
  97  5:53  Zergling x6  
  97  5:56  Zergling x4  
  101  6:00  Hatchery  
  101  6:01  Extractor, Drone  
  100  6:05  Queen  
  100  6:06  Zergling x4  
  100  6:10  Zergling x6  
  107  6:16  Zergling x10  
  107  6:17  Zergling x4  
  114  6:21  Queen  
  114  6:25  Drone x3  
  119  6:29  Overlord  
  119  6:30  Drone  
  120  6:33  Zergling x4  
  120  6:36  Pneumatized Carapace  
  120  6:37  Drone  
  120  6:39  Drone x3  
  126  6:40  Hydralisk Den  
  126  6:41  Overlord  
  126  6:43  Zergling x4  
  127  6:50  Zergling x2  
  128  6:57  Drone x3  
  130  7:02  Zergling x2  
  130  7:03  Spore Crawler  
  130  7:04  Zerg Ground Armor Level 2, Zerg Melee Weapons Level 2  
  130  7:05  Drone x3  
  133  7:08  Overlord  
  133  7:10  Zergling x6  
  133  7:12  Muscular Augments  
  133  7:13  Infestation Pit  
  130  7:17  Lurker Den  
  130  7:18  Drone x2  
  130  7:19  Hydralisk x4  
  130  7:21  Hydralisk x2, Baneling Nest  
  142  7:23  Hydralisk x3  
  142  7:26  Hydralisk, Zergling x2  
  151  7:30  Hydralisk x2  
  151  7:34  Infestation Pit  
  154  7:37  Drone x6  
  154  7:39  Hydralisk  
  161  7:44  Hydralisk x2  
  161  7:45  Hydralisk  
  161  7:48  Overlord  
  165  7:53  Overlord x2  
  165  7:56  Extractor  
  165  7:57  Extractor  
  156  8:06  Zergling x18  
  156  8:12  Drone x8  
  171  8:18  Lurker x4  
  175  8:20  Overlord  
  175  8:21  Hatchery  
  175  8:22  Drone x2  
  175  8:26  Spore Crawler, Centrifical Hooks  
  175  8:27  Spore Crawler  
  175  8:28  Hive  
  174  8:41  Hydralisk x3  
  174  8:43  Zergling x18  
  189  8:49  Hatchery  
  189  8:50  Overlord  
  188  8:56  Zergling x2  
  188  8:57  Zergling x16  
  188  9:00  Grooved Spines  
  188  9:02  Drone x2  
  188  9:03  Overseer, Drone x4  
  188  9:04  Spore Crawler x2  
  188  9:06  Drone x2  
  188  9:08  Drone x2  
  194  9:10  Hydralisk  
  194  9:11  Zergling x2  
  197  9:17  Overlord  
  197  9:19  Lurker  
  197  9:20  Lurker  
  199  9:27  Overlord  
  199  9:29  Spore Crawler  
  198  9:31  Spore Crawler  
  198  9:37  Drone x6  
  198  9:38  Drone x4  
  192  9:39  Drone x2  
  192  9:43  Zerg Ground Armor Level 3  
  196  9:49  Zerg Melee Weapons Level 3  
  196  9:51  Seismic Spines  
  196  9:56  Drone x4  
  196  9:57  Drone  
  192  10:03  Drone x5  
  192  10:06  Overlord  
  197  10:09  Adrenal Glands  
  197  10:15  Overlord  
  194  10:24  Baneling  
  194  10:25  Baneling x18  
  194  10:29  Overlord  
  194  10:41  Zergling x22  
  198  10:47  Hydralisk x4  
  198  10:48  Zergling x28  
  199  10:52  Lurker  
  199  10:56  Spore Crawler  
  199  11:01  Hydralisk  
  199  11:02  Zergling x2  
  194  11:07  Adaptive Talons  
  194  11:14  Hydralisk x3  
  194  11:15  Zergling x4  
  194  11:16  Baneling x8  
  192  11:26  Hydralisk, Zergling x20  
  192  11:27  Zergling x4  
  192  11:32  Viper x3  
  191  11:38  Drone x8  
  200  11:40  Extractor  
  200  11:41  Extractor  
  195  11:54  Lurker x5  
  198  11:59  Baneling x6  
  198  12:00  Baneling x3  
  200  12:03  Hatchery  
  200  12:05  Spore Crawler  
  200  12:06  Spine Crawler  
  200  12:07  Spine Crawler  
  196  12:11  Spore Crawler  
  196  12:13  Spire  
  196  12:15  Spire  
  193  12:20  Zerg Missile Weapons Level 1  
  193  12:26  Burrow  
  193  12:29  Zergling x18  
  199  12:45  Overseer x2  
  198  12:54  Nydus Network  
  184  12:58  Nydus Network  
  184  12:59  Hydralisk x7  
  184  13:00  Hydralisk x3  
  195  13:32  Zergling x14  
  195  13:33  Zergling x30  
  197  13:37  Nydus Canal x2  
  197  13:39  Zergling x8, Extractor  
  199  13:42  Spine Crawler x2  
  199  13:44  Zergling x8  
  199  13:45  Zergling x2  
  196  13:50  Zerg Flyer Weapons Level 1, Overseer  
  196  13:51  Queen, Greater Spire  
  193  13:57  Zergling x14  
  193  14:00  Lurker Den  
  197  14:05  Overseer x2  
  197  14:16  Baneling x12  
  191  14:17  Hydralisk x4  
  196  14:26  Queen  
  196  14:28  Baneling x3  
  196  14:29  Baneling x8  
  196  14:30  Zerg Missile Weapons Level 2  
  196  14:31  Drone x3  
  196  14:32  Drone  
  199  14:47  Drone x3  
  192  15:04  Hydralisk  
  192  15:05  Zergling x46  
  188  15:12  Nydus Canal x2  
  177  15:15  Hydralisk  
  177  15:16  Zergling x4  
  177  15:21  Drone x5  
  186  15:24  Hydralisk x2  
  190  15:29  Hydralisk x5  
  193  15:47  Nydus Canal x2  
  193  15:49  Viper x2  
  197  16:05  Drone x3  
  192  16:11  Hydralisk x2  
  192  16:13  Zerg Flyer Weapons Level 2  
  192  16:14  Zerg Flyer Armor Level 1  
  200  16:23  Lurker x2  
  200  16:24  Lurker x2  
  198  16:39  Overseer  
  193  16:53  Lurker x6  
  199  17:17  Zerg Missile Weapons Level 3  
  199  17:19  Nydus Canal  
  199  17:23  Nydus Canal  
  188  17:40  Extractor  
  183  17:47  Corruptor x12  
  183  17:49  Zergling x4  
  183  17:50  Zergling x4  
  197  18:01  Hydralisk  
  197  18:04  Nydus Canal x2  
  199  18:15  Zergling x2  
  193  18:28  Drone x4  
  185  18:35  Nydus Canal  
  185  18:36  Hydralisk x4  
  185  18:37  Zergling x12  
  185  18:39  Zerg Flyer Armor Level 2, Zerg Flyer Weapons Level 3  
  190  19:01  Hydralisk x6  
  190  19:02  Zergling x10  
  198  19:14  Baneling x3  
  189  19:34  Lurker x6, Overseer x2  
  189  19:35  Overseer  
  189  19:36  Hydralisk  
  189  19:37  Hydralisk x3  
  199  19:44  Pathogen Glands  
  199  19:49  Spore Crawler  
  199  19:50  Spore Crawler  
  197  19:53  Hatchery  
  196  20:01  Nydus Canal  
  196  20:02  Nydus Canal  
  196  20:04  Overseer  
  194  20:10  Viper x3  
  195  20:28  Hydralisk, Zergling x10, Spore Crawler  
  193  20:29  Zergling x4  
  199  20:40  Hydralisk  
  199  20:41  Zergling x2  
  200  20:45  Nydus Canal  
  200  20:46  Nydus Canal  
  200  21:03  Unknown  
  199  21:04  Unknown  
  186  21:31  Hydralisk x5  
  186  21:32  Zergling x16  
  197  21:36  Hydralisk x9  
  197  21:37  Zergling x32  
  197  21:39  Queen  
  190  21:42  Overlord  
  190  21:43  Overlord  
  192  21:51  Overlord  
  192  22:00  Queen  
  192  22:01  Baneling x4  
  194  22:02  Baneling x14  
  194  22:06  Baneling x9  
  194  22:10  Baneling x3  
  194  22:13  Spore Crawler  
  193  22:16  Hydralisk x3  
  193  22:17  Zergling x2  
  193  22:21  Lurker x3  
Show
View Real Time Build Order
Export as new Build Order

Cure Terran 

Build Orders: Reaper Expand 

Get SALT Encoding   

  12  0:00  SCV  
  13  0:12  SCV  
  14  0:17  Supply Depot  
  14  0:24  SCV  
  15  0:39  SCV  
  15  0:40  Barracks  
  15  0:42  Refinery  
  16  0:51  SCV  
  17  1:03  SCV  
  18  1:15  SCV  
  19  1:28  Orbital Command, Reaper  
  20  1:37  Command Center  
  20  1:48  Supply Depot  
  20  1:54  SCV  
  21  2:00  Marine  
  22  2:06  SCV  
  23  2:12  Factory  
  23  2:18  SCV  
  23  2:19  Barracks Reactor  
  24  2:30  SCV  
  25  2:42  SCV  
  26  2:44  Command Center  
  26  2:50  Orbital Command  
  26  2:54  SCV  
  26  2:57  Barracks  
  27  3:02  Marine  
  28  3:06  SCV  
  29  3:13  Hellion x2  
  29  3:16  SCV  
  29  3:18  SCV  
  35  3:21  Refinery, Barracks Tech Lab  
  35  3:28  SCV  
  35  3:30  SCV  
  37  3:35  Refinery  
  37  3:40  SCV  
  37  3:41  Stimpack, Marine  
  39  3:42  SCV  
  40  3:49  Starport  
  40  3:52  Marine x2  
  40  3:53  Factory Reactor, SCV  
  40  3:55  SCV  
  44  3:57  Orbital Command  
  44  3:58  Marine  
  45  4:05  SCV  
  45  4:07  SCV  
  45  4:08  Supply Depot  
  47  4:13  Refinery  
  47  4:15  Marine x2  
  47  4:16  Marine  
  50  4:17  SCV  
  50  4:19  SCV  
  50  4:22  Orbital Command  
  52  4:29  SCV  
  52  4:31  SCV  
  54  4:32  Supply Depot  
  54  4:33  Medivac  
  54  4:34  Medivac  
  54  4:35  Marine  
  54  4:36  Marine x2  
  61  4:39  Supply Depot  
  61  4:41  SCV  
  61  4:43  Factory Reactor, SCV  
  63  4:49  SCV  
  64  4:53  Marine x2, SCV  
  64  4:54  Marine  
  64  4:55  SCV  
  64  4:58  Engineering Bay  
  64  4:59  Engineering Bay  
  68  5:01  Supply Depot  
  68  5:03  SCV  
  68  5:05  SCV  
  70  5:07  SCV  
  70  5:11  Marine x3, Supply Depot  
  74  5:15  SCV  
  74  5:17  SCV  
  74  5:19  SCV  
  77  5:23  Combat Shield, Supply Depot  
  77  5:27  Terran Infantry Armor Level 1, Terran Infantry Weapons Level 1  
  77  5:29  Marine x3  
  77  5:34  Medivac x2  
  77  5:35  Widow Mine  
  85  5:38  Widow Mine  
  85  5:42  SCV x3  
  90  5:50  Factory  
  90  5:51  Armory  
  90  5:54  SCV x2  
  90  5:55  SCV  
  93  5:57  Marine x3  
  93  6:03  Supply Depot  
  96  6:05  Supply Depot  
  96  6:07  SCV x2  
  96  6:08  SCV  
  99  6:15  Marine x3, Barracks  
  99  6:16  Barracks  
  99  6:26  SCV x3  
  99  6:30  Barracks  
  106  6:32  Widow Mine  
  106  6:33  Marine x3, Widow Mine  
  106  6:37  Factory Tech Lab  
  106  6:38  Medivac x2  
  113  6:41  Refinery, Supply Depot  
  113  6:42  Supply Depot  
  113  6:43  Refinery  
  113  6:46  SCV x3  
  116  6:56  Supply Depot  
  116  6:58  Drilling Claws  
  116  7:05  Marine x5  
  116  7:06  Widow Mine x3  
  125  7:18  Terran Vehicle And Ship Armor Level 1  
  125  7:22  Terran Infantry Armor Level 2, Marine x2, Terran Infantry Weapons Level 2  
  125  7:23  Barracks Reactor, Marine  
  125  7:25  Barracks Reactor x2  
  128  7:33  Command Center  
  128  7:35  Widow Mine x2  
  132  7:37  Medivac  
  132  7:39  Medivac  
  132  7:40  Marine x2  
  132  7:41  Marine  
  139  7:45  Supply Depot  
  139  7:51  Widow Mine  
  139  7:56  Supply Depot x2  
  139  7:58  Marine x3  
  139  8:04  Marine x6  
  141  8:06  Widow Mine x2  
  141  8:12  Siege Tank  
  144  8:16  Marine x3  
  147  8:22  Marine x6  
  147  8:26  Medivac  
  147  8:27  Medivac  
  157  8:34  Marine x3  
  157  8:39  Marine x2  
  157  8:40  Marine x4  
  166  8:43  Widow Mine x2  
  166  8:48  Barracks x2  
  170  8:49  SCV x3  
  170  8:50  Barracks  
  170  8:52  Marine x3  
  170  8:54  Siege Tank  
  179  8:57  Marine x4  
  179  8:58  Marine x2  
  185  9:06  Widow Mine  
  185  9:09  Marine  
  187  9:11  Planetary Fortress, Supply Depot  
  187  9:12  Supply Depot  
  187  9:16  Marauder  
  188  9:17  Widow Mine  
  188  9:24  Marine x2  
  188  9:25  Marine x2  
  188  9:31  Medivac  
  188  9:32  Marine  
  188  9:33  Medivac, Siege Tank, Marine x2, Widow Mine  
  188  9:35  Starport  
  188  9:36  Starport  
  198  9:39  Marine, Marauder  
  198  9:41  Marine x2  
  198  9:43  Marine  
  198  9:44  Barracks Tech Lab x2  
  198  9:45  Barracks Tech Lab  
  200  9:47  Sensor Tower  
  200  9:53  Command Center  
  198  10:01  Medivac  
  198  10:02  Terran Infantry Weapons Level 3  
  198  10:10  Terran Infantry Armor Level 3  
  198  10:11  Terran Vehicle And Ship Armor Level 2  
  198  10:18  Marine x2  
  198  10:24  Marauder  
  198  10:25  Siege Tank, Marauder x2, Widow Mine  
  171  10:50  Marine x6, Marauder x4  
  171  10:52  Widow Mine x2  
  171  10:54  Medivac x2  
  191  10:57  Siege Tank, Marine x2  
  186  11:08  Marine x3  
  186  11:09  Marine x3  
  192  11:11  Marauder  
  192  11:12  Marauder x3  
  194  11:30  Marine x4  
  167  11:33  Siege Tank, Marauder x3  
  167  11:34  Widow Mine x2  
  167  11:36  Marine x3, Marauder  
  182  11:43  Marine  
  176  11:48  Marine x3  
  176  11:52  Starport Reactor  
  176  11:53  Starport Reactor  
  179  11:54  Marauder x3, SCV  
  179  11:55  Fusion Core, Widow Mine x2, SCV  
  179  11:56  SCV x2  
  179  11:58  Marauder  
  195  12:06  Widow Mine  
  197  12:10  Refinery  
  197  12:11  Refinery  
  197  12:14  SCV x3  
  200  12:22  Widow Mine x2  
  192  12:27  Widow Mine  
  192  12:34  Planetary Fortress  
  192  12:35  Marine x4  
  192  12:36  Marauder x2  
  200  12:37  Sensor Tower  
  200  12:38  Liberator x2  
  200  12:50  Liberator x2  
  200  12:51  Liberator  
  200  12:54  Marine x2, Marauder  
  192  13:03  Marine x5  
  192  13:04  Marauder x3  
  198  13:16  Marine x3, Marauder  
  196  13:21  Liberator x3, Marine x4  
  200  13:30  Marine x2  
  200  13:31  Marauder  
  200  13:33  Marauder  
  200  13:34  Marine x3  
  183  13:36  Widow Mine x3  
  183  13:37  Marine  
  199  14:10  Marine  
  199  14:12  Command Center x2  
  191  14:17  Marine x4, Marauder, Liberator  
  191  14:18  Marauder  
  193  14:27  Marine x4  
  193  14:28  Marauder x2  
  193  14:29  Widow Mine x2  
  193  14:30  Widow Mine  
  200  14:46  Hi-Sec Auto Tracking, Neosteel Armor  
  200  14:47  Command Center, Terran Vehicle And Ship Armor Level 3  
  200  14:49  Liberator  
  196  14:55  Marine x3  
  196  14:56  Marine x2, Marauder x2  
  200  15:04  Marine x4  
  200  15:05  Marauder  
  200  15:06  Widow Mine x3  
  178  15:13  Marine x5  
  171  15:17  Marauder x2  
  174  15:22  Marine x3  
  174  15:23  Marauder  
  174  15:26  Liberator, Marauder  
  174  15:27  Widow Mine x2  
  185  15:31  Marine x5  
  185  15:34  Advanced Ballistics  
  184  15:39  Marauder x2  
  184  15:40  Marine x3  
  179  15:44  Marauder  
  179  15:47  Marine  
  179  15:49  Marine  
  185  16:00  Marauder  
  181  16:15  Supply Depot x2  
  181  16:17  Supply Depot x2  
  181  16:18  Missile Turret, Supply Depot  
  181  16:20  Sensor Tower  
  181  16:21  Liberator x2  
  181  16:22  Liberator x3  
  181  16:23  Liberator  
  181  16:37  Missile Turret  
  194  16:52  Orbital Command  
  194  16:55  Refinery  
  194  17:00  Widow Mine x3  
  200  17:19  Liberator x2  
  200  17:20  Liberator  
  200  17:36  Medivac x3  
  189  17:38  Marine x4  
  189  17:39  Marauder x2  
  198  17:49  Liberator, Marine x4  
  198  17:50  Marauder x2  
  186  17:56  Marine x2  
  186  17:59  Widow Mine x3  
  186  18:00  Marauder  
  186  18:03  Marine x2, Marauder  
  195  18:07  Marine x2  
  200  18:15  Medivac  
  199  18:21  Marine  
  199  18:27  Marine  
  199  18:30  Liberator  
  199  18:31  Marine x2  
  199  18:32  Marauder  
  199  18:33  Sensor Tower  
  200  18:40  Liberator x2  
  200  18:50  Marine x2  
  200  18:51  Marine x2, Marauder  
  200  18:52  Liberator, Marine x2  
  200  19:10  Liberator  
  200  19:38  Command Center  
  200  19:39  Command Center  
  200  19:50  Marine x2  
  200  20:04  Marine x2  
  197  20:13  Planetary Fortress, Sensor Tower  
  192  20:15  Marine x4, Marauder x2  
  192  20:16  Missile Turret  
  192  20:19  Marine x2  
  192  20:20  Marine, Marauder  
  188  20:22  Marine x2, Widow Mine x2  
  194  20:30  Medivac  
  194  20:32  Supply Depot x2  
  194  20:33  Liberator  
  191  20:50  Marine x2  
  191  20:51  Marauder, Widow Mine, Liberator  
  191  20:55  Liberator x2  
  191  20:56  Orbital Command  
  200  21:03  Sensor Tower  
  200  21:06  Marine x5  
  195  21:17  Marine x3  
  195  21:18  Marauder  
  192  21:29  Marine x4  
  192  21:30  Marauder x2  
  182  21:33  Marine x2  
  182  21:35  Marine  
  182  21:39  Marauder  
  161  21:40  Marine  
  162  21:59  Refinery, SCV x2  
  162  22:00  Refinery, SCV x2  
  164  22:01  Marine  
  165  22:16  Marine x2, Marauder  
Tags
 
Add a new tag
Caveats
  • Supply blocks, unpowered buildings, or Contaminate may cause inaccurate times.
  • Supply counts are checked every 10 seconds.